 Dungeon Crawl Stone Soup version 0.30-a0-743-gbfdf073431 (webtiles) character file.

Game seed: 314956487314396058

7 MachoJfn the Caller (level 1, -7/7 HPs)
             Began as a Felid Summoner on Feb 7, 2023.
             Mangled by a gnoll
             ... wielding a +0 flail
              (11 damage)
             ... on level 1 of the Dungeon.
             The game lasted 00:01:19 (276 turns).

MachoJfn the Caller (Felid Summoner)                 Turns: 276, Time: 00:01:20

Health: -7/7       AC:  1    Str:  4    XL:     1   Next: 83%
Magic:  1/4        EV: 14    Int: 16    God:
Gold:   0          SH:  0    Dex: 16    Spells: 3/4 levels left
                                        Lives:  0   Deaths: 0

rFire   . . .      SeeInvis +    (weapon unavailable)
rCold   . . .      Faith    .    (shield unavailable)
rNeg    . . .      Spirit   .    (body armour unavailable)
rPois   .          Reflect  .    (helmet unavailable)
rElec   .          Harm     .    (cloak unavailable)
rCorr   .          Rampage  .    (gloves unavailable)
Will    .....                    (boots unavailable)
Stlth   ++                       (no amulet)
HPRegen 0.21/turn                (no ring)
MPRegen 0.09/turn                (no ring)

@: constricted, quick
A: very small, claws 1, fangs 3, see invisible, speed 1, shaggy fur 1, stealthy
paws, no weapons or thrown items, no armour, multi-lived
a: no special abilities


You were on level 1 of the Dungeon.
You visited 1 branch of the dungeon, and saw 1 of its levels.

Inventory:

Potions
 a - a potion of magic


   Skills:
 + Level 3.0 Dodging
 + Level 2.7 Stealth
 + Level 2.0 Spellcasting
 + Level 4.2 Summonings


You had 3 spell levels left.
You knew the following spells:

 Your Spells              Type           Power      Damage    Failure   Level
a - Summon Small Mammal   Summ           60%        N/A       3%          1

Your spell library contained the following spells:

 Spells                   Type           Power      Damage    Failure   Level
 Call Imp                 Summ           15%        N/A       5%          2
 Call Canine Familiar     Summ           15%        N/A       11%         3
 Summon Guardian Golem    Hex/Summ       8%         N/A       26%         3
 Summon Lightning Spire   Summ/Air       8%         N/A       65%         4


Dungeon Overview and Level Annotations

Branches:
Dungeon (1/15)

Altars:

Annotations:
D:1 2 transporters


Innate Abilities, Weirdness & Mutations

You have sharp claws.
You have razor-sharp teeth.
You have supernaturally acute eyesight. (SInv)
You cover ground quickly. (Speed+)
You are covered in fur. (AC +1)
Your paws help you pounce on unaware monsters.
You are incapable of wielding weapons or throwing items.
You cannot wear armour.
You gain extra lives every three experience levels.


Message History

Confirm with . or Enter, or press ? or * to list all spells.
Casting: Summon Small Mammal (safe; 3% risk of failure)
Confirm with . or Enter, or press ? or * to list all spells.
Your rat disappears in a puff of smoke!
Casting: Summon Small Mammal (safe; 3% risk of failure)
Confirm with . or Enter, or press ? or * to list all spells.
The gnoll shouts!
The endoplasm quivers.
Your quokka disappears in a puff of smoke!
A ball python comes into view.
The gnoll hits your bat with a +0 flail!
Your bat dies!
Your bat's corpse disappears in a puff of smoke!
Your rat barely misses the endoplasm.
Your rat bites the endoplasm but does no damage.
You scratch the endoplasm.
The endoplasm is heavily wounded.
The endoplasm hits you.
Your rat barely misses the endoplasm.
You scratch the endoplasm.
The endoplasm is severely wounded.
The endoplasm barely misses you.
A stone appears from out of your range of vision.
The stone hits your rat. The gnoll barely misses you.
Your rat bites the endoplasm.
The endoplasm dies!
The ball python bites you but does no damage.
The ball python misses you.
Your Dodging skill increases to level 3!
You scratch the gnoll.
The gnoll is moderately wounded.
The gnoll completely misses you.
A kobold comes into view. It is wielding a +0 whip.
The ball python barely misses you. The ball python grabs you.
The ball python constricts you.
Your rat barely misses the ball python.
You scratch the gnoll.
The gnoll is heavily wounded.
The ball python barely misses you. The ball python constricts you.
The gnoll hits you with a +0 flail!
Ouch! That really hurt!
You die...

#.# #.# ###
#.#. ..## #.#.
... #.#. ..# #
#.#. ##..##.#
#†#. #.r...K.
#.#.##.S.##...
#.#...@g......
##.##.#.#.###..
#...#.#.# #
###.†.#.#.#
#.......#.#
#.......#.#
#)......#.#
###...#)#.#
#...#.#


You could see a gnoll, a ball python (ally target), a kobold and a friendly rat
(summoned).

Vanquished Creatures (collateral kills)
  A dart slug (D:1)
  An endoplasm (D:1)
  A hobgoblin (D:1)
  A bat (D:1)
  A rat (D:1)
5 creatures vanquished.

Notes
Turn   | Place    | Note
-------+----------+-------------------------------------------
     0 | D:1      | MachoJfn the Felid Summoner began the quest for the Orb.
     0 | D:1      | Reached XP level 1. HP: 7/7 MP: 4/4
   276 | D:1      | Mangled by a gnoll

Illustrated notes

Levels and vault maps discovered:
D:1:      spicycebolla_arrival_transporter_tutorial, layout_loops_ring

Skill      XL: |  1 |
---------------+----+-----
Dodging        | 3 |  3.0
Stealth        | |  2.7
Spellcasting   | |  2.0
Summonings     | |  4.2

Action                     || total
---------------------------++-------
  Melee: Unarmed           ||    12
   Cast: Summon Small Mamm ||    14
 Armour: Skin              ||     3
  Dodge: Dodged            ||    17

Table legend: (Time is in decaauts)
 A = Elapsed time spent in this place.
 B = Non-inter-level travel time spent in this place.
 C = Inter-level travel time spent in this place.
 D = Time resting spent in this place.
 E = Time spent auto-exploring this place.
 F = Levels seen in this place.
 G = Mean time per level.
                   A        B        C        D        E       F      G
               +--------+--------+--------+--------+--------+-----+--------+
         Total |    242 |    221 |     21 |     42 |    124 |   1 |  242.0 |
       Dungeon |    242 |    221 |     21 |     42 |    124 |   1 |  242.0 |
               +--------+--------+--------+--------+--------+-----+--------+

Top non-repeatable levels by time:
     D:1: 242 daAuts
